[Event "Skol-SM 2021, grupp E"]
[Site "Helsingborg Arena"]
[Date "2021.10.09"]
[Round "4.1"]
[White "Stedman, Theodor"]
[Black "Grettve Odenfors, Axel"]
[Result "0-1"]
[WhiteElo "1380"]
[BlackElo "1163"]
[ECO "C42"]
[TimeControl "45 minutes + 10 seconds per move from move one."]
[WhiteFideId "1756230"]
[BlackFideId "1763741"]

1.e4 e5 2.Nf3 Nf6 3.Bc4 Nxe4 4.O-O d6 5.d3 Nf6 6.Ng5 d5 7.Bb5+ Bd7 8.Bxd7+
Nbxd7 9.Re1 Bd6 10.Nc3 h6 11.Nf3 O-O 12.Nb5 Qe7 13.d4 e4 14.Nxd6 Qxd6 15.
Nh4 Rfe8 16.g3 Qe6 17.f3 Re7 18.g4 Kh7 19.Nf5 Ree8 20.c3 Ng8 21.Bf4 Rac8 
22.Qc2 g6 23.Ng3 f5 24.gxf5 gxf5 25.Qg2 Rf8 26.Nh5 Qg6 27.Ng3 c6 28.Kf2 
Rce8 29.Rg1 Rf7 30.a3 Rg7 31.Nxf5 Qxg2+ 32.Rxg2 Rxg2+ 33.Kxg2 Rf8 34.fxe4 
dxe4 35.Bxh6 Rxf5 36.Be3 Rf3 37.Re1 Ngf6 38.h3 Nh5 39.Bc1 Nf4+ 40.Bxf4 
Rxf4 41.Kg3 Rf3+ 42.Kg2 Nf6 43.Re2 Kg6 44.a4 Kf5 45.Re1 Nh5 46.Rd1 Nf4+ 
47.Kg1 Nxh3+ 48.Kg2 Nf4+ 49.Kg1 Kg4 50.Re1 Rg3+ 51.Kh1 e3 52.c4 e2 53.d5 
Rd3 54.Rg1+ Kh3 55.dxc6 bxc6 56.b4 Rd1 0-1

[Event "Skol-SM 2021, grupp E"]
[Site "Helsingborg Arena"]
[Date "2021.10.09"]
[Round "4.2"]
[White "Nagy, Mate"]
[Black "Sakic, Matija"]
[Result "0-1"]
[WhiteElo "1252"]
[BlackElo "1312"]
[ECO "E90"]
[TimeControl "45 minutes + 10 seconds per move from move one."]
[WhiteFideId "1758810"]
[BlackFideId "1744372"]

1.d4 g6 2.c4 Nf6 3.Nc3 Bg7 4.e4 d6 5.Nf3 O-O 6.Bd3 e5 7.d5 Na6 8.a3 Nc5 9.
Bc2 a5 10.Be3 b6 11.b4 axb4 12.axb4 Rxa1 13.Qxa1 Ncd7 14.O-O Ng4 15.Bd2 f5
16.Ng5 Ndf6 17.f3 Nh6 18.exf5 gxf5 19.Re1 Nf7 20.Nxf7 Rxf7 21.Bg5 Qf8 22.
Qc1 h6 23.Bxf6 Bxf6 24.Qd2 Qg7 25.Re3 Bg5 26.Bb3 Bxe3+ 27.Qxe3 Qg5 28.
Qxg5+ hxg5 29.c5 bxc5 30.bxc5 Ba6 31.Kf2 Rf8 32.cxd6 cxd6 33.Ke3 Rc8 34.
Ne2 Bxe2 35.Kxe2 Rc3 36.Ba4 Kf7 37.Bd7 Rc2+ 38.Ke3 Rxg2 39.Bxf5 Rxh2 40.
Be6+ Kf6 41.Bd7 Ra2 42.Be6 Ra4 43.Bd7 Rd4 44.Be6 Kg6 45.Ke2 Kh5 46.Kf2 g4 
47.fxg4+ Rxg4 48.Kf3 Rf4+ 49.Ke3 Kg5 50.Bh3 Kh4 51.Be6 Kg3 52.Bd7 Rb4 53.
Bf5 Rd4 54.Be6 Kg2 55.Bf5 Kf1 56.Bh3+ Ke1 57.Be6 Kd1 58.Bf7 Kc2 59.Be6 Kc3
60.Bf7 Kc4 61.Be6 Kc5 62.Bf7 Rxd5 63.Bxd5 Kxd5 64.Kd3 e4+ 65.Ke3 Ke5 66.
Ke2 d5 67.Ke3 d4+ 68.Kd2 e3+ 69.Kd3 Kd5 70.Ke2 Ke4 71.Ke1 d3 72.Kd1 e2+ 
73.Kd2 Kf3 74.Ke1 d2+ 75.Kxd2 Kf2 76.Kd3 e1=Q 77.Kd4 Qe6 78.Kd3 Qd5+ 79.
Kc2 Qd4 80.Kc1 Qd3 81.Kb2 Ke3 82.Kc1 Qe2 83.Kb1 Qd2 84.Ka1 Kd3 85.Kb1 Kc3 
86.Ka1 Qb2# 0-1

[Event "Skol-SM 2021, grupp E"]
[Site "Helsingborg Arena"]
[Date "2021.10.09"]
[Round "4.3"]
[White "Valcu, Lavinia"]
[Black "Ljungros, Lo"]
[Result "1-0"]
[WhiteElo "1213"]
[BlackElo "1215"]
[ECO "D00"]
[TimeControl "45 minutes + 10 seconds per move from move one."]
[WhiteFideId "1752197"]
[BlackFideId "1760114"]

1.d4 d5 2.Bf4 c5 3.c3 Nc6 4.e3 e5 5.dxe5 f6 6.exf6 Nxf6 7.Nf3 Bd6 8.Bxd6 
Qxd6 9.Be2 O-O 10.Nbd2 Ne5 11.Nxe5 Qxe5 12.Nf3 Qe4 13.Bd3 Qg4 14.O-O Ne4 
15.Bxe4 Qxe4 16.Ng5 Qg6 17.Qxd5+ Kh8 18.f4 Rb8 19.Qxc5 Bg4 20.Kh1 b6 21.
Qd5 h6 22.Nf3 Be6 23.Qd2 Rbd8 24.Qe2 Qe4 25.Nd4 Bd5 26.Rae1 Rde8 27.Qc2 
Qxc2 28.Nxc2 Bxa2 29.Ra1 Bb3 30.Nd4 Bc4 31.Rfe1 a5 32.b3 Bd5 33.c4 Be4 34.
Nb5 Re6 35.Nd4 Rg6 36.Ra2 h5 37.Kg1 h4 38.Rf2 h3 39.g3 Rg4 40.Ne6 Rf6 41.
Ng5 Bc6 42.Nxh3 a4 43.bxa4 Bxa4 44.Ng5 Bc6 45.Rd2 Rf8 46.Red1 Re8 47.Rd8 
Kg8 48.Rxe8+ Bxe8 49.Kf2 Kf8 50.h3 Ba4 51.Ra1 Rxg5 52.fxg5 Bb3 53.Rb1 Bxc4
54.Rxb6 Kf7 55.e4 Be6 56.h4 g6 57.Ke3 Bg4 58.Kf4 Be6 59.Ke5 Bg4 60.Rf6+ 
Kg7 61.Kd6 Kh7 62.e5 Kg7 63.e6 Bxe6 64.Kxe6 Kh7 65.Rf7+ Kg8 66.Kf6 Kh8 67.
Kxg6 Kg8 68.Rf1 Kh8 69.Rf8# 1-0

[Event "Skol-SM 2021, grupp E"]
[Site "Helsingborg Arena"]
[Date "2021.10.09"]
[Round "5.1"]
[White "Grettve Odenfors, Axel"]
[Black "Valcu, Lavinia"]
[Result "0-1"]
[WhiteElo "1163"]
[BlackElo "1213"]
[ECO "B31"]
[TimeControl "45 minutes + 10 seconds per move from move one."]
[WhiteFideId "1763741"]
[BlackFideId "1752197"]

1.e4 c5 2.Nf3 Nc6 3.Bb5 g6 4.d4 Bg7 5.Bxc6 bxc6 6.Bf4 cxd4 7.Nxd4 Qb6 8.
Be3 Qxb2 9.Nb3 Qe5 10.N1d2 Nf6 11.Nc5 d6 12.Nd3 Qa5 13.Qf3 Nxe4 14.Qxe4 d5
15.Qb4 Qxb4 16.Nxb4 Bxa1 17.Nxc6 a5 18.O-O Bg7 19.Nd4 Bxd4 20.Bxd4 f6 21.
Re1 Kf7 22.Bc5 e5 23.Bd6 Rd8 24.Bc5 Bf5 25.c3 Rdc8 26.Be3 Rxc3 27.a4 Rac8 
28.Nf3 Ra3 29.h3 Rxa4 30.Rd1 d4 31.Bd2 Rb8 32.Kh2 Rb1 33.Bc1 Raa1 34.Bb2 
Rxd1 35.Bxa1 Rxa1 36.Nd2 Ra2 37.Nc4 Rxf2 38.Nxa5 d3 39.Nc4 Ra2 40.Kg3 d2 
41.Ne3 Bc2 42.Kf2 d1=N+ 43.Nxd1 Bxd1+ 44.Ke3 Ra3+ 45.Ke4 Bc2+ 46.Kd5 Bd3 
47.g4 Ra5+ 48.Kc6 e4 49.g5 fxg5 50.h4 gxh4 51.Kd6 e3 52.Kc6 e2 53.Kb6 Rb5+
54.Kc6 e1=R 55.Kd6 Bb1 56.Kc6 Rbe5 57.Kd6 Kf6 58.Kc6 Rc1+ 59.Kd6 Rd1+ 60.
Kc6 Ke6 61.Kb6 Rc1 62.Kb7 Rb5+ 63.Ka6 Rb2 64.Ka5 Rc4 0-1

[Event "Skol-SM 2021, grupp E"]
[Site "Helsingborg Arena"]
[Date "2021.10.09"]
[Round "5.2"]
[White "Sakic, Matija"]
[Black "Stedman, Theodor"]
[Result "1-0"]
[WhiteElo "1312"]
[BlackElo "1380"]
[ECO "C62"]
[TimeControl "45 minutes + 10 seconds per move from move one."]
[WhiteFideId "1744372"]
[BlackFideId "1756230"]

1.e4 e5 2.Nf3 Nc6 3.Bb5 d6 4.c3 Bd7 5.d3 a6 6.Ba4 b5 7.Bb3 h6 8.O-O Nf6 9.
Re1 Be7 10.h3 O-O 11.Nbd2 Nh5 12.Nf1 Be6 13.Bd5 Bxd5 14.exd5 Nb8 15.Nxe5 
dxe5 16.Qxh5 Bf6 17.Ne3 Nd7 18.Ng4 Nb6 19.Nxf6+ Qxf6 20.Qxe5 Rfe8 21.Qxe8+
Rxe8 22.Rxe8+ Kh7 23.Be3 Nxd5 24.Bd4 Qg6 25.Re4 b4 26.Rg4 1-0

[Event "Skol-SM 2021, grupp E"]
[Site "Helsingborg Arena"]
[Date "2021.10.09"]
[Round "5.4"]
[White "Dingertz, Filip"]
[Black "Lyngsjo, Luke"]
[Result "0-1"]
[WhiteElo "1201"]
[BlackElo "1259"]
[ECO "A16"]
[TimeControl "45 minutes + 10 seconds per move from move one."]
[WhiteFideId "1757288"]
[BlackFideId "1755811"]

1.c4 Nf6 2.Nc3 g6 3.g3 Bg7 4.Bg2 O-O 5.e3 d6 6.Nf3 c5 7.O-O Nc6 8.d4 cxd4 
9.exd4 Bf5 10.Bf4 Qd7 11.Re1 d5 12.Ne5 Nxe5 13.dxe5 Nh5 14.Nxd5 e6 15.Nf6+
Nxf6 16.exf6 Qxd1 17.Raxd1 Bxf6 18.b3 e5 19.Bxe5 Bxe5 20.Rxe5 Rab8 21.Re7 
Bc8 22.Rde1 Kg7 23.Re8 Bf5 24.R8e7 Bc8 25.c5 Rd8 26.Re8 Rd2 27.Bh3 f5 28.
g4 Rc2 29.b4 b6 30.gxf5 bxc5 31.f6+ Kxf6 32.Rxc8 Rxc8 33.Bxc8 cxb4 34.Bg4 
Rxa2 35.Rb1 a5 36.Kg2 Ke5 37.Bd1 Kd4 38.Kf3 Kc3 39.Ke3 Ra3 40.Rc1+ Kb2+ 
41.Kd2 Ra2 42.Rc2+ Ka3 43.Rxa2+ Kxa2 44.Kc2 b3+ 45.Kc3 a4 46.f4 b2 47.Bc2 
a3 48.f5 gxf5 49.Bxf5 b1=Q 50.Bxb1+ Kxb1 0-1

[Event "Skol-SM 2021, grupp E"]
[Site "Helsingborg Arena"]
[Date "2021.10.09"]
[Round "6.1"]
[White "Grettve Odenfors, Axel"]
[Black "Sakic, Matija"]
[Result "0-1"]
[WhiteElo "1163"]
[BlackElo "1312"]
[ECO "B18"]
[TimeControl "45 minutes + 10 seconds per move from move one."]
[WhiteFideId "1763741"]
[BlackFideId "1744372"]

1.e4 c6 2.d4 d5 3.Nc3 dxe4 4.Nxe4 Bf5 5.Bd3 Qxd4 6.Nf3 Qd8 7.O-O Bxe4 8.
Bxe4 Qxd1 9.Rxd1 Nf6 10.Bd3 Nbd7 11.Bg5 O-O-O 12.Rd2 e6 13.Rad1 Be7 14.Be2
h6 15.Bh4 Nc5 16.Bxf6 Bxf6 17.c3 Rxd2 18.Nxd2 Rd8 19.Nf3 Rxd1+ 20.Bxd1 Nd3
21.b3 Bxc3 22.Bc2 Ne5 23.Nxe5 Bxe5 24.Bh7 Kd7 25.f3 g6 26.Kf2 Ke7 27.g3 
Kf8 28.Ke3 Kg7 29.Ke4 Bd6 30.Bxg6 Kxg6 31.f4 h5 32.h3 f5+ 33.Kd4 h4 34.
gxh4 Bxf4 35.Kd3 e5 36.Ke2 e4 37.Kf2 Be5 38.Kg2 f4 39.Kf2 f3 40.h5+ Kxh5 
41.h4 Bd4+ 42.Kg3 f2 43.b4 f1=Q 44.b5 Qf3+ 45.Kh2 Kxh4 46.b6 Qg3+ 47.Kh1 
Qg1# 0-1

[Event "Skol-SM 2021, grupp E"]
[Site "Helsingborg Arena"]
[Date "2021.10.09"]
[Round "6.2"]
[White "Lyngsjo, Luke"]
[Black "Valcu, Lavinia"]
[Result "0-1"]
[WhiteElo "1259"]
[BlackElo "1213"]
[ECO "B34"]
[TimeControl "45 minutes + 10 seconds per move from move one."]
[WhiteFideId "1755811"]
[BlackFideId "1752197"]

1.e4 c5 2.Nf3 Nc6 3.d4 cxd4 4.Nxd4 g6 5.Be3 Bg7 6.Nc3 Nf6 7.Qd2 d5 8.exd5 
Nxd5 9.Bb5 Nxe3 10.Nxc6 Nxg2+ 11.Kd1 Qxd2+ 12.Kxd2 Bd7 13.Nb4 Bxc3+ 14.
bxc3 Bxb5 15.Nd5 Rd8 0-1

[Event "Skol-SM 2021, grupp E"]
[Site "Helsingborg Arena"]
[Date "2021.10.09"]
[Round "6.4"]
[White "Hedman Ljungqvist, My"]
[Black "Lazovskiy, Gregory"]
[Result "1-0"]
[WhiteElo "1269"]
[BlackElo "1172"]
[ECO "B23"]
[TimeControl "45 minutes + 10 seconds per move from move one."]
[WhiteFideId "1760092"]
[BlackFideId "1751530"]

1.e4 c5 2.Nc3 Nc6 3.Bc4 d6 4.Nf3 Nf6 5.d3 g6 6.O-O Bg7 7.Bb5 O-O 8.Bc4 Bd7
9.h3 e6 10.Bg5 Qb6 11.Rb1 Rac8 12.Re1 Rfe8 13.Qd2 Na5 14.b3 Qc7 15.Ne2 b5 
16.b4 bxc4 17.bxa5 cxd3 18.cxd3 Rb8 19.Rec1 Rxb1 20.Rxb1 Rb8 21.Rc1 Rb5 
22.a6 Qa5 23.Rc2 Qxd2 24.Rxd2 Ra5 25.Rb2 Kf8 26.Rb7 Be8 27.Rxa7 Rxa2 28.
Nc1 Ra1 29.Kh2 h6 30.Bd2 Nd7 31.Nb3 Ra3 32.Nc1 Bb2 33.Ne1 Bxc1 34.Bxc1 Ra1
35.Bxh6+ Ke7 36.Bd2 Ra2 37.Be3 e5 38.Nf3 Ra3 39.Ne1 Ke6 40.Ra8 Nf6 41.Bg5 
Bb5 42.a7 Bc6 43.Rc8 Bb7 44.Rd8 Rxa7 45.Bxf6 Kxf6 46.Rxd6+ Ke7 47.Rb6 Bc8 
48.Rc6 Ra5 49.Rxc8 Ra1 50.Nf3 Rd1 51.Rxc5 Rxd3 52.Rxe5+ Kf6 53.Rb5 Rc3 54.
e5+ Ke6 55.Ng5+ Ke7 56.Rb7+ Ke8 57.Rxf7 Rc5 58.Rg7 Rxe5 59.Rxg6 Re2 60.
Re6+ Rxe6 61.Nxe6 Ke7 62.Nf4 Kf6 63.Kg3 Kg5 64.h4+ Kf6 65.Kg4 Kf7 66.Kg5 
Kg7 67.Ne6+ Kf7 68.Nf4 Kg7 69.h5 Kg8 70.Ng6 Kg7 71.f4 Kg8 72.f5 Kg7 73.f6+
Kg8 74.Ne5 Kh8 75.h6 Kg8 76.f7+ Kh7 77.Kf6 Kxh6 78.f8=Q+ Kh5 79.Qh8# 1-0

[Event "Skol-SM 2021, grupp E"]
[Site "Helsingborg Arena"]
[Date "2021.10.10"]
[Round "7.2"]
[White "Valcu, Lavinia"]
[Black "Nagy, Mate"]
[Result "0-1"]
[WhiteElo "1213"]
[BlackElo "1252"]
[ECO "A45"]
[TimeControl "45 minutes + 10 seconds per move from move one."]
[WhiteFideId "1752197"]
[BlackFideId "1758810"]

1.d4 Nf6 2.Bf4 d5 3.e3 Bf5 4.Nf3 e6 5.c4 c5 6.Nc3 Ne4 7.cxd5 Nxc3 8.bxc3 
Qxd5 9.Bxb8 Rxb8 10.Qa4+ Ke7 11.Qxa7 Rc8 12.Qa3 Kf6 13.Qb3 Qxb3 14.axb3 
cxd4 15.Nxd4 Rxc3 16.Nxf5 Kxf5 17.Bc4 Bb4 18.O-O b5 19.Bxb5 Rxb3 20.Be2 
Rc8 21.Rfd1 Rbc3 22.g4+ Kf6 23.Kg2 R8c7 24.Ra4 Bc5 25.Rf4+ Ke7 26.g5 Rc2 
27.Bd3 Bxe3 28.Rf3 Rd2 29.Rxd2 Bxd2 30.h4 g6 31.Kh3 h6 32.gxh6 Bxh6 33.Rg3
e5 34.Kg4 f5+ 35.Kh3 Kf6 36.Kg2 Bf4 37.Rh3 e4 38.Bf1 Rc2 39.Kg1 Be5 40.h5 
gxh5 41.Rxh5 Bd4 42.Rh2 f4 43.Bb5 Rc1+ 44.Bf1 f3 45.Rh6+ Kg5 46.Rd6 Bc5 
47.Re6 Kf5 48.Re8 Rc2 49.Bh3+ Kf4 50.Rg8 Bxf2+ 51.Kh2 Bg3+ 52.Kg1 Rc1+ 53.
Bf1 Bh2+ 54.Kxh2 Rxf1 55.Rf8+ Ke3 56.Ra8 Rd1 57.Ra3+ Rd3 58.Ra1 Rd2+ 59.
Kg3 Ke2 60.Ra4 e3 61.Rf4 f2 62.Kg2 Rd1 63.Ra4 f1=Q+ 64.Kg3 Qf3+ 65.Kh4 
Rh1+ 66.Kg5 Rg1+ 67.Kh6 Qh1+ 68.Rh4 Qxh4# 0-1

[Event "Skol-SM 2021, grupp E"]
[Site "Helsingborg Arena"]
[Date "2021.10.10"]
[Round "7.3"]
[White "Lyngsjo, Luke"]
[Black "Stedman, Theodor"]
[Result "1-0"]
[WhiteElo "1259"]
[BlackElo "1380"]
[ECO "C01"]
[TimeControl "45 minutes + 10 seconds per move from move one."]
[WhiteFideId "1755811"]
[BlackFideId "1756230"]

1.e4 e6 2.d4 d5 3.exd5 exd5 4.Bd3 Be6 5.Nf3 Nf6 6.O-O Nbd7 7.Re1 h6 8.Bf4 
Be7 9.Nbd2 O-O 10.c3 c5 11.h3 Re8 12.Qa4 Nb6 13.Qd1 c4 14.Bc2 Bd6 15.Bxd6 
Qxd6 16.Ne5 Nfd7 17.Ndf3 a6 18.Rb1 Nxe5 19.Nxe5 Nd7 20.Qh5 Nxe5 21.Rxe5 
Re7 22.Rbe1 Rae8 23.Qe2 Kf8 24.Qd2 Bd7 25.Rxe7 Rxe7 26.Rxe7 Qxe7 27.Qe3 b5
28.Kf1 Qxe3 29.fxe3 Ke7 30.Kf2 a5 31.a3 h5 32.Kg3 Kf6 33.h4 g6 34.Kf4 Ke6 
35.e4 Bc6 36.e5 Bd7 37.Kg5 Be8 38.b3 Bd7 39.bxc4 bxc4 40.g3 Be8 41.Bd1 Bd7
42.Be2 Ba4 43.Bf1 Bc6 44.Bh3+ Ke7 45.Bg2 a4 46.Bf3 Ke6 47.Bg2 Bd7 48.Bh3+ 
Ke7 49.Bxd7 Kxd7 50.Kf6 Ke8 51.e6 fxe6 52.Kxe6 1-0

[Event "Skol-SM 2021, grupp E"]
[Site "Helsingborg Arena"]
[Date "2021.10.10"]
[Round "7.4"]
[White "Hedman Ljungqvist, My"]
[Black "Grettve Odenfors, Axel"]
[Result "1-0"]
[WhiteElo "1269"]
[BlackElo "1163"]
[ECO "C28"]
[TimeControl "45 minutes + 10 seconds per move from move one."]
[WhiteFideId "1760092"]
[BlackFideId "1763741"]

1.e4 e5 2.Nf3 Nf6 3.Nc3 Nc6 4.Bc4 Bb4 5.d3 h6 6.O-O d6 7.h3 O-O 8.a3 Bxc3 
9.bxc3 Be6 10.Bb3 Qd7 11.Re1 Rfe8 12.Bxe6 fxe6 13.d4 Rad8 14.Bb2 a6 15.Qd2
Ne7 16.c4 exd4 17.Bxd4 e5 18.Bc3 Qc6 19.Qd3 Ng6 20.Bd2 Nh5 21.Qd5+ Qxd5 
22.cxd5 Nhf4 23.Rab1 Rb8 24.c4 c6 25.Ba5 Rec8 26.Rb6 Nd3 27.Rd1 Nc5 28.
dxc6 Rxc6 29.Rxc6 bxc6 30.Rxd6 Nxe4 31.Rxg6 Rb1+ 32.Kh2 Nxf2 33.Rxc6 e4 
34.Ne1 Ra1 35.Nc2 Rc1 36.Ne3 Ra1 37.Bb4 Re1 38.Ng4 Nxg4+ 39.hxg4 Rc1 40.c5
Rc2 41.Rxa6 e3 42.Re6 Re2 43.Kg3 Kf7 44.Kf3 Rxg2 45.Kxg2 Kxe6 46.Kf3 Kd5 
47.Kxe3 g6 48.Kf4 Ke6 49.c6 g5+ 50.Kf3 h5 51.gxh5 g4+ 52.Kxg4 Kd5 53.c7 
Ke5 54.c8=Q Kd5 55.Qc5+ Ke4 56.Qf5+ Kd4 57.Bf8 Kc4 58.Qe5 Kd3 59.Qf4 Kc3 
60.Qe4 Kb3 61.Qd4 Kc2 62.Qe3 Kb2 63.Qd3 Ka1 64.Qd2 Kb1 65.Kf3 Ka1 66.Ke3 
Kb1 67.Kd3 Ka1 68.Kc3 Kb1 69.Qb2# 1-0

[Event "Skol-SM 2021, grupp E"]
[Site "Helsingborg Arena"]
[Date "2021.10.10"]
[Round "7.5"]
[White "Lazovskiy, Gregory"]
[Black "Dingertz, Filip"]
[Result "1/2-1/2"]
[WhiteElo "1172"]
[BlackElo "1201"]
[ECO "E21"]
[TimeControl "45 minutes + 10 seconds per move from move one."]
[WhiteFideId "1751530"]
[BlackFideId "1757288"]

1.d4 Nf6 2.Nf3 e6 3.c4 Bb4+ 4.Nc3 h6 5.e4 Nxe4 6.Bd2 Nxc3 7.Bxc3 Bxc3+ 8.
bxc3 O-O 9.Bd3 b6 10.Be4 d5 11.cxd5 exd5 12.Bc2 Re8+ 13.Kf1 Bg4 14.Qd3 g6 
15.Ne5 Bf5 16.Qf3 Rxe5 17.dxe5 Bxc2 18.c4 Be4 19.Qd1 Nc6 20.f3 Bf5 21.cxd5
Nxe5 22.Qd4 Nc6 23.Qd2 Na5 24.Kf2 Qd6 25.Rad1 Qc5+ 26.Kg3 Kg7 27.Rc1 Qd6+ 
28.Kf2 Rd8 29.Rhd1 c6 30.Qc3+ Qf6 31.Qxf6+ Kxf6 32.dxc6 Rxd1 33.Rxd1 Ke7 
34.c7 Nb7 35.Ke3 Nd6 36.g4 Be6 37.Kf4 Nc4 38.Rd8 Nd6 39.h4 a5 40.g5 hxg5+ 
41.hxg5 b5 42.Ke5 Nc4+ 43.Kd4 Nd6 44.f4 b4 45.Kd3 Bf5+ 46.Kd2 a4 47.Kc1 
Be6 48.Kb2 Bf5 49.Kc1 a3 50.Rb8 Kd7 51.c8=Q+ Nxc8 52.Rb7+ Ke6 53.Rxb4 Nd6 
54.Ra4 Nb5 55.Ra5 Bd3 56.Kd2 Bf1 57.Ke1 Bc4 58.Kd2 Kf5 59.Ke3 Bf1 60.Kf2 
Bc4 61.Ke3 1/2-1/2

[Event "Skol-SM 2021, grupp E"]
[Site "Helsingborg Arena"]
[Date "2021.10.10"]
[Round "8.1"]
[White "Sakic, Matija"]
[Black "Lyngsjo, Luke"]
[Result "1/2-1/2"]
[WhiteElo "1312"]
[BlackElo "1259"]
[ECO "C42"]
[TimeControl "45 minutes + 10 seconds per move from move one."]
[WhiteFideId "1744372"]
[BlackFideId "1755811"]

1.e4 e5 2.Nf3 Nf6 3.Nxe5 d6 4.Nf3 Nxe4 5.Nc3 Nxc3 6.dxc3 Be7 7.Bd3 O-O 8.
O-O Bg4 9.h3 Bh5 10.Be2 Nc6 11.Nd4 Nxd4 12.cxd4 Bxe2 13.Qxe2 Re8 14.Qd3 d5
15.Bf4 Bd6 16.Bxd6 Qxd6 17.Rfe1 c6 18.c3 Re6 19.Re3 Rae8 20.Rae1 h6 21.
Rxe6 Rxe6 22.Rxe6 Qxe6 23.Kf1 1/2-1/2

[Event "Skol-SM 2021, grupp E"]
[Site "Helsingborg Arena"]
[Date "2021.10.10"]
[Round "8.2"]
[White "Valcu, Lavinia"]
[Black "Hedman Ljungqvist, My"]
[Result "1-0"]
[WhiteElo "1213"]
[BlackElo "1269"]
[ECO "D00"]
[TimeControl "45 minutes + 10 seconds per move from move one."]
[WhiteFideId "1752197"]
[BlackFideId "1760092"]

1.d4 d5 2.Bf4 Nf6 3.e3 g6 4.Nf3 Bg7 5.Be2 Nc6 6.c4 O-O 7.Nc3 Re8 8.cxd5 
Nxd5 9.Nxd5 Qxd5 10.Bxc7 Bg4 11.O-O Rac8 12.Bg3 g5 13.h3 Bh5 14.a3 a5 15.
Rc1 b5 16.Rc5 Qd7 17.Rxg5 Bg6 18.Rxb5 a4 19.Rc5 Ra8 20.Bb5 Rec8 21.Ne5 Qb7
22.Bxc6 Rxc6 23.Nxc6 Be4 24.f3 Bxc6 25.Qc2 Bb5 26.Rc1 Bd7 27.Rc7 Qb5 28.
Qc5 Qxc5 29.R1xc5 Rd8 30.Ra5 e6 31.Raa7 Be8 32.Rcb7 Rc8 33.Rb8 Rxb8 34.
Bxb8 Bf8 35.Be5 Bh6 36.Kf2 Bg5 37.Ra8 Kf8 38.Bd6+ Kg7 39.Rxe8 Bh4+ 40.g3 
Bf6 41.Be5 h6 42.Bxf6+ Kxf6 43.Ra8 Kf5 44.e4+ Kg6 45.f4 Kf6 46.g4 Kg7 47.
e5 Kg6 48.Ke3 Kh7 49.f5 Kg7 50.fxe6 fxe6 51.Kf4 h5 52.Kg5 hxg4 53.hxg4 Kh7
54.Ra7+ Kg8 55.Kf6 Kh8 56.Kg6 Kg8 57.Ra8# 1-0

[Event "Skol-SM 2021, grupp E"]
[Site "Helsingborg Arena"]
[Date "2021.10.10"]
[Round "8.5"]
[White "Dingertz, Filip"]
[Black "Grettve Odenfors, Axel"]
[Result "1-0"]
[WhiteElo "1201"]
[BlackElo "1163"]
[ECO "A17"]
[TimeControl "45 minutes + 10 seconds per move from move one."]
[WhiteFideId "1757288"]
[BlackFideId "1763741"]

1.c4 Nf6 2.Nc3 e6 3.g3 d5 4.cxd5 exd5 5.e3 Bb4 6.Bg2 Bxc3 7.bxc3 c5 8.d4 
cxd4 9.cxd4 Nc6 10.Nf3 Bg4 11.O-O O-O 12.Qb3 Rb8 13.Bb2 Ne4 14.Bc3 Re8 15.
Nd2 Nf6 16.Rfe1 Bf5 17.Nf3 Qd7 18.Rac1 Rbc8 19.Red1 Bg4 20.Rb1 Rb8 21.Rd2 
Ne4 22.Rdd1 Rec8 23.Rdc1 Ne7 24.Ne5 Qf5 25.Nxg4 Qxg4 26.Bxe4 Qxe4 27.Bb4 
Nc6 28.Bd6 Ra8 29.Qxb7 Qe8 30.Qa6 Qd7 31.Bc5 Rcb8 32.Ba3 Rxb1 33.Rxb1 Nd8 
34.Qb5 Qxb5 35.Rxb5 Ne6 36.Rxd5 Rb8 37.Ra5 Rb7 38.Bc5 Nxc5 39.Rxc5 f6 40.
e4 h5 41.Rxh5 Rb4 42.Rd5 Ra4 43.Rd8+ Kh7 44.e5 fxe5 45.dxe5 Rxa2 46.e6 Re2
47.Re8 Kg6 48.Kf1 Re5 49.f4 Re4 50.Kf2 Kf6 51.Ra8 Ra4 52.f5 Ra5 53.g4 Ra2+
54.Kg3 a5 55.Ra7 g6 56.g5+ Kxf5 57.e7 Re2 58.Rd7 Kxg5 59.Kf3 Re5 60.Rd5 
Rxd5 61.e8=Q Rf5+ 62.Ke4 a4 63.Qe7+ Kg4 64.Qa3 Rf4+ 65.Ke5 Rf5+ 66.Ke6 Kg5
67.Qxa4 Kh6 68.Qh4+ Rh5 69.Qf4+ Kh7 70.Qg3 Kh6 71.Kf7 Rg5 72.Qh4+ Rh5 73.
Qf4+ Kh7 74.Qd4 Rf5+ 75.Ke7 Rh5 76.Ke6 Rf5 77.Ke7 Rh5 78.Qd7 Rf5 79.Ke6+ 
Kh6 80.Qd3 Rh5 81.Qe3+ Kh7 82.Qe4 Kh6 83.h4 Rf5 84.Ke7 Kh7 85.Ke8 Kh6 86.
Qe3+ Kh7 87.Qd4 Rh5 88.Qd7+ Kh6 89.Qd2+ Kh7 90.Qf2 Rf5 91.Qd4 Rh5 92.Qf2 
Rf5 93.Qb2 Rh5 94.Qd4 Rf5 95.Ke7 Rh5 96.Ke6 Rf5 97.Qd7+ Kh6 98.Qd8 Kh7 99.
Qe7+ Kh6 100.Qe8 Kh7 101.Kd6 Kg7 102.Kd7 Kh7 103.Ke6 Kg7 104.Qd8 Kh6 105.
Qe8 Kh7 106.Qd8 Kg7 107.Qd4+ Kh7 108.Qc3 Rh5 109.Qg3 Kh6 110.Kf7 Rf5+ 111.
Kg8 Kh5 112.Kg7 g5 113.Kh7 Rf7+ 114.Kg8 Rf5 115.Kg7 g4 116.Qe1 Rf3 117.
Qe5+ Kxh4 118.Qh2+ Kg5 119.Qe5+ Kh4 120.Kg6 Kh3 121.Qh5+ Kg3 122.Kg5 Rf4 
123.Qh4+ Kf3 124.Qh1+ Kg3 125.Qg1+ Kf3 126.Qf1+ Kg3 127.Qxf4+ Kg2 128.
Qxg4+ Kf2 129.Kf4 Kf1 130.Qh3+ Kf2 131.Qe3+ Kg2 132.Qf3+ Kh2 133.Qg3+ Kh1 
134.Qg4 Kh2 135.Kf3 Kh1 136.Qg2# 1-0